[Event "MIF ECAM Lyon"]
[Site "?"]
[Date "2023.04.12"]
[Round "3.1"]
[White "Priyanka Nutakki"]
[Black "Tomasi, Elise"]
[Result "1-0"]
[ECO "D24"]
[WhiteElo "2329"]
[BlackElo "2032"]
[PlyCount "43"]
[EventDate "2023.04.11"]
[EventType "tourn"]
[SourceDate "2023.04.11"]
[TimeControl "1/40:0"]

1. d4 d5 2. Nf3 Nf6 3. c4 dxc4 4. Nc3 a6 5. e4 b5 6. e5 Nd5 7. a4 b4 8. Ne4 h6
9. Bxc4 e6 10. O-O Be7 11. a5 O-O 12. Qe2 Bb7 13. Bd3 Nd7 14. Ng3 Qc8 15. Bxh6
gxh6 16. Qe4 N5f6 17. Qf4 Nh7 18. Qxh6 f5 19. Qxe6+ Rf7 20. Nxf5 Kf8 21. Qh6+
Ke8 22. e6 1-0

[Event "MIF ECAM Lyon"]
[Site "?"]
[Date "2023.04.12"]
[Round "4.1"]
[White "Amdouni, Zoubaier"]
[Black "Priyanka Nutakki"]
[Result "1/2-1/2"]
[ECO "B13"]
[WhiteElo "2217"]
[BlackElo "2329"]
[PlyCount "71"]
[EventDate "2023.04.11"]
[EventType "tourn"]
[SourceDate "2023.04.11"]
[TimeControl "1/40:0"]

1. e4 c6 2. d4 d5 3. exd5 cxd5 4. Bd3 Nf6 5. c3 Nc6 6. Bf4 Bg4 7. Qb3 Qd7 8.
Nd2 e6 9. Ngf3 Bd6 10. Bxd6 Qxd6 11. O-O O-O 12. Rfe1 Rab8 13. Ne5 Bf5 14. Bxf5
exf5 15. Nxc6 bxc6 16. Qc2 g6 17. b4 Rfe8 18. Nf3 Nd7 19. Qd2 Kg7 20. Rxe8 Rxe8
21. Re1 Re4 22. Ng5 Re7 23. Rxe7 Qxe7 24. Qe3 Qxe3 25. fxe3 Nb6 26. Nf3 f6 27.
Nd2 Na4 28. c4 Nc3 29. a3 Kf7 30. cxd5 cxd5 31. Kf2 Ke7 32. Nb3 Kd6 33. Nc5 Nb1
34. a4 Na3 35. b5 Nc4 36. Ke2 1/2-1/2

[Event "MIF ECAM Lyon"]
[Site "?"]
[Date "2023.04.13"]
[Round "5.1"]
[White "Doluhanova, Evgeniya"]
[Black "Profili, Emilio"]
[Result "0-1"]
[ECO "C00"]
[WhiteElo "2318"]
[BlackElo "2092"]
[PlyCount "80"]
[EventDate "2023.04.11"]
[EventType "tourn"]
[SourceDate "2023.04.11"]
[TimeControl "1/40:0"]

1. e4 e6 2. d3 d5 3. Qe2 Nf6 4. g3 Be7 5. Bg2 c5 6. e5 Nfd7 7. f4 Nc6 8. Nf3 b5
9. Nc3 b4 10. Nd1 a5 11. Nf2 Ba6 12. O-O Qc7 13. c4 bxc3 14. bxc3 O-O 15. h4
Rfe8 16. Ng5 h6 17. Nf3 a4 18. Ng4 Qa5 19. Bd2 Qb5 20. Nf2 Rab8 21. g4 a3 22.
h5 Qa4 23. g5 Rb2 24. gxh6 Qxf4 25. Rae1 Qf5 26. hxg7 Qxh5 27. Qe3 Ndxe5 28.
Nxe5 Nxe5 29. Qg3 Ng6 30. Bc1 Rxa2 31. Ng4 Kxg7 32. Bh6+ Kg8 33. Qf3 Rxg2+ 34.
Qxg2 Bxd3 35. Re5 Bxf1 36. Kxf1 Qh4 37. Re2 Rb8 38. Bc1 Rb1 39. Re1 Bg5 40. Bd2
a2 0-1

[Event "MIF ECAM Lyon"]
[Site "?"]
[Date "2023.04.14"]
[Round "6.1"]
[White "Priyanka Nutakki"]
[Black "Cornileau, Juliette"]
[Result "1/2-1/2"]
[ECO "D45"]
[WhiteElo "2329"]
[BlackElo "2054"]
[PlyCount "93"]
[EventDate "2023.04.11"]
[EventType "tourn"]
[SourceDate "2023.04.11"]
[TimeControl "1/40:0"]

1. d4 d5 2. c4 c6 3. Nc3 Nf6 4. Nf3 e6 5. e3 Nbd7 6. Be2 dxc4 7. a4 Bd6 8. Nd2
e5 9. Nxc4 Bc7 10. d5 cxd5 11. Nxd5 Nxd5 12. Qxd5 O-O 13. O-O Qh4 14. b3 Rd8
15. Bb2 Nf8 16. Qb5 a6 17. Qb4 e4 18. Ne5 Bd6 19. Qa5 Be6 20. g3 Qe7 21. Qc3 f6
22. Nc4 Rac8 23. a5 Bb4 24. Qc1 Nd7 25. Bd4 Nc5 26. Qb1 Qf7 27. Bxc5 Rxc5 28.
Qxe4 Bd5 29. Qd4 Rcc8 30. Rad1 Bc5 31. Qf4 Re8 32. Rd2 g5 33. Qf5 Be6 34. Qb1
Bb4 35. Rdd1 Bh3 36. Nb6 Rcd8 37. Rxd8 Rxd8 38. Rd1 Rxd1+ 39. Qxd1 Be6 40. Qd8+
Kg7 41. Nc4 Qd7 42. Qb6 Be7 43. Bf3 g4 44. Be2 h5 45. e4 Qc6 46. Qe3 Qc5 47.
Qd2 1/2-1/2

[Event "MIF ECAM Lyon"]
[Site "?"]
[Date "2023.04.14"]
[Round "7.1"]
[White "Doluhanova, Evgeniya"]
[Black "Priyanka Nutakki"]
[Result "1/2-1/2"]
[ECO "A13"]
[WhiteElo "2318"]
[BlackElo "2329"]
[Annotator "fabri"]
[PlyCount "128"]
[EventDate "2023.04.11"]
[EventType "tourn"]
[SourceDate "2023.04.11"]
[TimeControl "1/40:0"]

1. c4 e6 2. Nf3 d5 3. e3 Nf6 4. b3 c5 5. cxd5 exd5 6. d4 Nc6 7. Be2 Be7 8. O-O O-O 9. Bb2 Bg4 10. dxc5 Bxc5 11. h3 Bh5 12. Nc3 Be7 13. Nd4 Bg6 14. Rc1 Rc8 15. Nxc6 bxc6 16. Bf3 Qa5 17. Qd4 Rfe8 18. Na4 Bf8 19. Bc3 Qa6 20. Bb4 Bxb4 21. Qxb4 Ne4 22. Bxe4 Bxe4 23. Rfd1 Qe2 24. Nc3 Qa6 25. Nxe4 Rxe4 26. Qc5 Re6 27. Rc2 Rce8 28. Rd4 Rg6 29. g3 Qc8 30. Kg2 Qd7 31. Ra4 Qf5 32. Rf4 Qd7 33. Rd2 Rh6 34. g4 Rg6 35. Rdd4 f5 36. Ra4 fxg4 37. hxg4 h5 38. Qxa7 Qe6 39. Qd4 Rc8 40. Qc5 hxg4 41. Ra7 Qe5 42. Qd4 Qh5 43. Rff7 Qh6 44. Qe5 Rd8 45. Qc7 Qg5 46. Qe7 c5 47. Qxg5 Rxg5 48. Rad7 Ra8 49. a4 c4 50.
bxc4 dxc4 51. Rc7 Rxa4 52. Rf4 g3 53. fxg3 Re5 54. Rc8+ Kh7 55. Rh4+ Kg6 56.
Rg4+ Kf5 57. Rf4+ Kg5 58. Kf3 Ra3 59. Rg4+ Kf6 60. Rc6+ Kf5 61. Rf4+ Kg5 62.
Rg4+ Kf5 63. Rf4+ Kg5 64. Rg4+ Kf5 1/2-1/2

[Event "MIF ECAM Lyon"]
[Site "?"]
[Date "2023.04.15"]
[Round "8.1"]
[White "Doluhanova, Evgeniya"]
[Black "Shatil, Or"]
[Result "1/2-1/2"]
[ECO "A15"]
[WhiteElo "2318"]
[BlackElo "2002"]
[PlyCount "64"]
[EventDate "2023.04.11"]
[EventType "tourn"]
[SourceDate "2023.04.11"]
[TimeControl "1/40:0"]

1. c4 Nf6 2. d3 g6 3. e4 c5 4. Be2 Nc6 5. Nc3 Bg7 6. h4 d6 7. Be3 Nd4 8. Qd2
Ng4 9. Bg5 h6 10. Bf4 Bd7 11. Bd1 Qa5 12. Rb1 b5 13. cxb5 Nxb5 14. Nxb5 Qxb5
15. Ne2 Qb6 16. O-O h5 17. Nc3 O-O 18. Nd5 Qd8 19. Bg5 f6 20. Bf4 e5 21. Bg3 f5
22. f3 Bh6 23. f4 Be6 24. Bf3 Bxd5 25. exd5 exf4 26. Bxf4 Bxf4 27. Qxf4 Qxh4
28. Qxd6 Rf6 29. Qc7 Rf7 30. Qd6 Rf6 31. Qc7 Rf7 32. Qd6 Rf6 1/2-1/2